 Dungeon Crawl Stone Soup version 0.21.1-1-g345015fe64 (webtiles) character file.

271 mrzuul the Cudgeler (level 6, -11/79 HPs)
             Began as a Draconian Berserker on Apr 25, 2018.
             Was a Priest of Trog.
             Mangled by an ogre
             ... wielding a +0 giant club
              (25 damage)
             ... on level 4 of the Dungeon.
             The game lasted 00:21:58 (3431 turns).

mrzuul the Cudgeler (Draconian Berserker)           Turns: 3431, Time: 00:21:59

Health: -11/79     AC:  8    Str: 27    XL:     6   Next: 2%
Magic:  6/6        EV: 13    Int:  7    God:    Trog [***...]
Gold:   128        SH:  0    Dex: 10    Spells: 5/5 levels left

rFire    . . .     SeeInvis .   r - +0 whip
rCold    . . .     Gourm    .   (no shield)
rNeg     . . .     Faith    +   (armour unavailable)
rPois    .         Spirit   .   (helmet restricted)
rElec    .         Reflect  .   x - +0 cloak
rCorr    .         Harm     .   (no gloves)
MR       ++...                  q - +0 pair of boots (curse)
Stlth    ..........             l - amulet of faith
HPRegen  1.23/turn              (no ring)
MPRegen  0.10/turn              (no ring)

@: berserking, regenerating, glowing, very quick
A: unfitting armour, cold-blooded, AC +6
a: Berserk, Trog's Hand, Burn Spellbooks, Renounce Religion


You were on level 4 of the Dungeon.
You worshipped Trog.
Trog was most pleased with you.
You were near starving.

You visited 1 branch of the dungeon, and saw 4 of its levels.

You collected 128 gold pieces.

Inventory:

Hand Weapons
 a - a +0 mace
 o - a +0 blowgun
 r - a +0 whip (weapon)
 t - a +0 short sword
Missiles
 g - 57 stones (quivered)
Armour
 q - a cursed +0 pair of boots (worn)
 x - a +0 cloak (worn)
Jewellery
 l - an amulet of faith (around neck)
Wands
 m - a wand of disintegration (16)
 w - a wand of polymorph (6)
 y - a wand of random effects (37)
Scrolls
 d - 2 scrolls of immolation {unknown}
 f - a scroll of enchant weapon {unknown}
 h - 3 scrolls of remove curse {unknown}
 i - a scroll of teleportation {unknown}
 n - a scroll of identify
 p - a scroll of enchant armour {unknown}
 v - a scroll of magic mapping {unknown}
Potions
 c - a potion of mutation
 e - a potion of agility
 j - a potion of brilliance {unknown}
 k - a potion of ambrosia
 s - a potion of haste
Comestibles
 b - 6 rations
 u - 4 chunks of flesh


   Skills:
 + Level 4.4 Fighting
 + Level 5.3 Maces & Flails
 + Level 3.7 Dodging
 + Level 0.8 Stealth


You had 5 spell levels left.
You didn't know any spells.

Dungeon Overview and Level Annotations

Branches:
Dungeon (4/15)
 Temple: D:4-7

Altars:
Qazlal
Trog

Annotations:
D:4 fartsinmyface's ghost, amateur FeEn


Innate Abilities, Weirdness & Mutations

Your plain brown scales are hard. (AC +6)
You cannot fit into any form of body armour.
You are cold-blooded and may be slowed by cold attacks.


Message History

Your tail-slap misses fartsinmyface's ghost.
The jackal bites you but does no damage.
Fartsinmyface's ghost hits you.
* * * LOW HITPOINT WARNING * * *
The ogre misses you.
You barely miss fartsinmyface's ghost.
The jackal bites you but does no damage.
Fartsinmyface's ghost barely misses you.
A red film seems to cover your vision as you go berserk!
You feel yourself moving faster!
You feel mighty!
You are near starving!
The ogre hits you with a giant club!
* * * LOW HITPOINT WARNING * * *
Fartsinmyface's ghost closely misses you.
The jackal bites you but does no damage.
You barely miss fartsinmyface's ghost. You tail-slap fartsinmyface's ghost.
Fartsinmyface's ghost is moderately damaged.
The jackal bites you but does no damage.
The ogre hits you with a giant club!!
You die...

#.##...................#
#..#....................
#..............###.####
..............## .#
#.##.............# #
###.##....≈≈######..
.........#≈##W#§## #
........h#≈#≈≈≈§§#
......hh@#§#§..[§##
........OW≈#≈...§⌠#
.........§§'§._.≈#
.........#§#≈...≈⌠#
##########≈#≈...≈##
#≈#≈≈≈≈≈# #≈##⌠#⌠## #≈≈
#### ###


You could see an ogre, fartsinmyface's ghost and 3 jackals.

Vanquished Creatures
  The ghost of Tegun the Ruffian, an amateur OgTm (D:3)
  Jessica (D:3)
  2 worker ants (D:4)
  2 adders
  2 oozes
  4 dart slugs
  3 leopard geckos
  An orc (D:3)
  5 ball pythons
  A giant cockroach (D:1)
  3 hobgoblins
  6 jackals
  A quokka (D:3)
  10 bats
  2 frilled lizards
  12 goblins
  9 kobolds
  3 rats
68 creatures vanquished.

Notes
Turn   | Place    | Note
-------+----------+-------------------------------------------
     0 | D:1      | mrzuul the Draconian Berserker began the quest for the Orb.
     0 | D:1      | Reached XP level 1. HP: 19/19 MP: 1/1
   314 | D:1      | Reached XP level 2. HP: 23/26 MP: 2/2
  1143 | D:2      | Reached XP level 3. HP: 26/31 MP: 3/3
  1272 | D:2      | Reached ** piety under Trog
  1532 | D:2      | Reached skill level 4 in Maces & Flails
  1532 | D:2      | Reached XP level 4. HP: 34/40 MP: 4/4
  1944 | D:3      | Noticed Jessica
  1971 | D:3      | Killed Jessica
  2132 | D:3      | Found a stormy altar of Qazlal.
  2239 | D:3      | Noticed Tegun's ghost (amateur OgTm)
  2274 | D:3      | Killed Tegun's ghost
  2274 | D:3      | Reached skill level 5 in Maces & Flails
  2274 | D:3      | Reached XP level 5. HP: 19/46 MP: 5/5
  3170 | D:4      | Reached *** piety under Trog
  3399 | D:4      | Reached XP level 6. HP: 53/53 MP: 6/6
  3411 | D:4      | Found a bloodstained altar of Trog.
  3413 | D:4      | Noticed fartsinmyface's ghost (amateur FeEn)
  3431 | D:4      | Mangled by an ogre

Skill      XL: |  1  2  3  4 |
---------------+-------------+-----
Dodging        | 3 |  3.7
Maces & Flails | 4 5 |  5.3
Fighting       | 4 |  4.4
Stealth        | |  0.8

Action                   |  1- 3 |  4- 6 || total
-------------------------+-------+-------++-------
Melee: Mace              |   100 |     4 ||   104
       Tailslap          |    14 |    20 ||    34
       Whip              |       |   139 ||   139
Invok: Berserk           |       |     1 ||     1
       Trog's Hand       |       |     1 ||     1
  Use: Scroll            |       |     4 ||     4
 Stab: Sleeping          |       |     1 ||     1
  Eat: Chunk             |     2 |     2 ||     4
       Ration            |       |     1 ||     1
Armor: Skin              |    41 |    48 ||    89
Dodge: Dodged            |    89 |   115 ||   204
